 Dungeon Crawl Stone Soup version 0.31.0-9-g3a7656b989 (console) character file.

Game seed: 10039958042347854824

1628 AlterAsc the Grappler (level 8, -1/48 HPs)
             Began as an Octopode Shapeshifter on Jan 25, 2024.
             Slain by an orc warrior
             ... wielding a +2 battleaxe of flaming
              (15 damage)
             ... on level 6 of the Dungeon.
             The game lasted 00:12:04 (5828 turns).

AlterAsc the Grappler (Octopode Shapeshifter)       Turns: 5828, Time: 00:12:04

Health: -1/48      AC:  1    Str: 15    XL:     8   Next: 97%
Magic:  8/8        EV: 13    Int: 13    God:
Gold:   227        SH:  0    Dex: 11    Spells: 7/7 levels left

rFire   . .          .
                       - Unarmed
rCold   . . .        (no shield)
rNeg    + . .        (helmet currently unavailable)
rPois   .            w - amulet "Ataefur" {RegenMP Will+ Stlth+}
rElec   .            p - ring of positive energy
rCorr   .            (no ring)
SInv    .            (no ring)
Will    +....        (no ring)
Stlth   +++          (no ring)
HPRegen 0.28/turn    (no ring)
MPRegen 0.51/turn    (no ring)
                     (no ring)

%: no passive effects
@: beast-form
A: beast (slay +1), almost no armour, amphibious, 8 rings, camouflage 1,
gelatinous body 1, (nimble swimmer 1), tentacles
a: Begin Untransformation


You were on level 6 of the Dungeon.
You were a hulking beast.
You visited 1 branch of the dungeon, and saw 7 of its levels.

You collected 227 gold pieces.

Inventory:

Missiles
 d - 26 stones (quivered)
 q - 10 poisoned darts
 v - a throwing net
Jewellery
 l - an amulet of the acrobat
 p - a ring of positive energy (left tentacle)
 w - the amulet "Ataefur" (around mantle) {RegenMP Will+ Stlth+}
   (You found it on level 4 of the Dungeon)

   [amulet of magic regeneration]

   RegenMP:   It increases your rate of magic regeneration.
   Will+:     It increases your willpower.
   Stlth+:    It makes you more stealthy.
 C - a ring of ice
Talismans
 b - a beast talisman
 c - a flux talisman
Scrolls
 a - a scroll of torment {unknown}
 e - 4 scrolls of vulnerability {unknown}
 f - 7 scrolls of identify {unknown}
 h - 3 scrolls of fog {unknown}
 m - 3 scrolls of teleportation {unknown}
 s - a scroll of revelation {unknown}
 t - a scroll of poison {unknown}
 u - a scroll of brand weapon {unknown}
 x - a scroll of immolation {unknown}
 y - a scroll of blinking {unknown}
 B - 2 scrolls of enchant weapon {unknown}
 D - a scroll of enchant armour {unknown}
Potions
 g - a potion of berserk rage {unknown}
 i - a potion of resistance
 j - 3 potions of curing {unknown}
 k - a potion of might {unknown}
 n - a potion of haste {unknown}
 o - a potion of ambrosia {unknown}
 r - a potion of mutation {unknown}
 z - 2 potions of heal wounds
 A - a potion of cancellation {unknown}


   Skills:
 - Level 1.0 Fighting
 - Level 2.0 Dodging
 + Level 11.4 Unarmed Combat
 - Level 3.0 Shapeshifting


You had 7 spell levels left.
You didn't know any spells.
Your spell library contained the following spells:

 Spells                   Type           Power      Damage    Failure   Level
 Apportation              Tloc           0%         N/A       30%         1
 Necrotise                Necr           0%         1d4       30%         1
 Sting                    Conj/Alch      0%         1d3       30%         1
 Summon Small Mammal      Summ           0%         N/A       30%         1
 Blink                    Tloc           0%         N/A       43%         2
 Ensorcelled Hibernation  Hex/Ice        0%         N/A       43%         2
 Lesser Beckoning         Tloc           0%         N/A       43%         2
 Momentum Strike          Conj/Tloc      0%         3d8       43%         2
 Passwall                 Erth           0%         N/A       67%         3
 Summon Ice Beast         Ice/Summ       0%         N/A       67%         3
 Swiftness                Air            0%         N/A       67%         3
 Summon Mana Viper        Hex/Summ       0%         N/A       100%        5
 Monstrous Menagerie      Summ           0%         N/A       100%        7


Dungeon Overview and Level Annotations

Branches:
Dungeon (7/15)
 Temple: D:4-7

Altars:
Vehumet

Annotations:
D:4 exclusion: steam dragon


Innate Abilities, Weirdness & Mutations

You are a hulking beast.
Your limbs bulge with bestial killing power. (Slay +1)
You cannot wear most types of armour.
You are amphibious.
You can wear up to eight rings at the same time.
Your skin changes colour to match your surroundings (Stealth+).
Your rubbery body absorbs attacks. (AC +1, EV +1)
((You are camouflaged when in or above water. (Stealth+)))
You have tentacles for arms and can constrict up to eight enemies at once.


Message History

The white imp is almost dead.
You constrict the white imp.
You kill the white imp!
You feel sick.
You start resting.
You feel sick. x2
You are no longer poisoned.
You start resting.
HP restored.
Found a mace.
f - 7 scrolls labelled DUMMUBROUPO (gained 1)
You now have 227 gold pieces (gained 9).
Found a stone staircase leading down.
Found a ring mail.
Found a robe.
An orc comes into view. It is wielding a +0 club.
An orc warrior comes into view.
It is wielding a +2 battleaxe of flaming.
The orc warrior shouts!
An orc priest comes into view. It is wielding a +0 whip.
An orc priest comes into view. It is wielding a +0 mace.
The orc priest shouts! x2
You bludgeon the orc!
You kill the orc!
You hear an angry hiss.
An orc comes into view. It is wielding a +0 trident.
The orc priest mumbles some strange prayers to Beogh against you.
Beogh smites you!
The orc shouts!
An iguana comes into view.
The orc warrior barely misses you.
The orc priest casts a cantrip, but nothing happens.
The orc priest invokes the aid of Beogh against you.
You resist with some effort.
The orc priest invokes the aid of Beogh against you.
Beogh smites you!
The orc priest mumbles some strange prayers to Beogh against you.
Beogh smites you!
* * * LOW HITPOINT WARNING * * *
The orc warrior attacks as it pursues you!
The orc warrior hits you with a +2 battleaxe of flaming!
You die...

### .... ...### #....
#......## ..l.
........###...
#.........#o.#
#...........o# ..
#...........# ##..
#....[.....o# #...
#........).## ##...####
#.....[...o# #.......#
#.........h# ##.......##
#../.......# #........#.
#..........# ##..........
#....).....# #.........##
#..........# ##.........#
#..........# ##..........#
##.........###...###....##
#.....#....#..### #....#
##...####....## #....#
#.## ##.### ##..## ##
##.## ##.#


You could see an orc warrior, 2 orc priests and an orc.

Vanquished Creatures
  Prince Ribbit (D:5)
  A water moccasin (D:6)
  A black bear (D:5)
  An ogre (D:5)
  2 phantoms (D:5)
  5 scorpions
  A bombardier beetle (D:4)
  2 hounds (D:4)
  3 jellies
  3 orc priests (D:3)
  3 iguanas
  3 orc wizards (D:3)
  10 gnolls (D:4)
  6 adders
  3 white imps
  2 ribbon worms
  6 dart slugs
  5 orcs
  9 ball pythons
  8 endoplasms
  A giant cockroach (D:1)
  5 goblins
  13 hobgoblins
  4 jackals
  7 kobolds
  5 quokkas
  6 bats
  A frilled lizard (D:2)
  5 rats
122 creatures vanquished.

Notes
Turn   | Place    | Note
-------+----------+-------------------------------------------
     0 | D:1      | AlterAsc the Octopode Shapeshifter began the quest for the
                  | Orb.
     0 | D:1      | Reached XP level 1. HP: 13/13 MP: 1/1
    50 | D:1      | Reached XP level 2. HP: 17/18 MP: 2/2
   449 | D:1      | Reached skill level 4 in Unarmed Combat
   563 | D:1      | Reached XP level 3. HP: 23/23 MP: 3/3
   702 | D:1      | Found a faded altar of an unknown god.
  1934 | D:3      | Reached XP level 4. HP: 28/28 MP: 4/4
  1989 | D:3      | Reached skill level 5 in Unarmed Combat
  2051 | D:3      | Reached XP level 5. HP: 16/33 MP: 5/5
  2596 | D:3      | Reached skill level 6 in Unarmed Combat
  2873 | D:3      | Reached XP level 6. HP: 23/38 MP: 6/6
  3225 | D:4      | HP: 1/38 [poisoned by an adder]
  3372 | D:4      | Reached skill level 7 in Unarmed Combat
  3864 | D:4      | Reached XP level 7. HP: 40/43 MP: 7/7
  3898 | D:4      | Noticed a steam dragon
  3939 | D:4      | Reached skill level 8 in Unarmed Combat
  4012 | D:4      | Identified the amulet "Ataefur" {RegenMP Will+ Stlth+}
  4729 | D:5      | Entered Level 5 of the Dungeon
  4740 | D:5      | Found a radiant altar of Vehumet.
  4751 | D:5      | You fall into a shaft and drop 2 floors!
  4835 | D:5      | Reached skill level 9 in Unarmed Combat
  4964 | D:5      | Reached XP level 8. HP: 10/48 MP: 8/8
  5171 | D:5      | Noticed Prince Ribbit
  5180 | D:5      | Killed Prince Ribbit
  5181 | D:5      | Reached skill level 10 in Unarmed Combat
  5573 | D:6      | Reached skill level 11 in Unarmed Combat
  5828 | D:6      | Slain by an orc warrior

Illustrated notes

Levels and vault maps discovered:
D:1:      shiori_shiawase, layout_loops_corners,
          shapermc_ecumenical_altar_ellora
D:2:      layout_basic, grunt_decor_clamped
D:3:      layout_loops_corners
D:4:      minmay_bubble_buster, layout_layer_cave
D:5:      layout_basic, vehumet_crystals, minivault_4, uniq_prince_ribbit1
D:6:      layout_cave_pods, nicolae_ossuary_entry_plus, serial_shops,
          nicolae_shop_real_fake_doors, uniq_duvessa
D:7:      layout_basic, minmay_temple_entry_hall

Skill      XL: |  1  2  3  4  5  6  7  8 |
---------------+-------------------------+-----
Unarmed Combat | 4 5 6 7 9 11 | 11.4
Fighting       | |  1.0
Dodging        | |  2.0
Shapeshifting  | |  3.0

Action                     |  1- 3 |  4- 6 |  7- 9 || total
---------------------------+-------+-------+-------++-------
  Melee: Unarmed           |    66 |    76 |    97 ||   239
         Constrict         |    17 |    18 |    25 ||    60
         Tentacles         |    16 |    14 |    23 ||    53
         Punch             |     1 |     6 |     6 ||    13
  Throw: Stone             |       |     3 |    22 ||    25
         Dart              |       |     2 |     3 ||     5
         Throwing net      |       |       |     1 ||     1
    Use: Potion            |       |     3 |     1 ||     4
   Stab: Sleeping          |     7 |     5 |     5 ||    17
         Distracted        |       |       |     1 ||     1
 Armour: Skin              |    24 |    37 |    33 ||    94
  Dodge: Dodged            |    31 |    40 |    42 ||   113
